 Dungeon Crawl Stone Soup version 0.18.1-50-g88ac8fd (webtiles) character file.

2586 Daunt the Slinger (level 9, -9/58 HPs)
             Began as a Halfling Berserker on Oct 22, 2016.
             Was an Elder of Trog.
             Mangled by a wight
             ... wielding a +1 dire flail
              (10 damage)
             ... on level 8 of the Dungeon.
             The game lasted 00:37:22 (6735 turns).

Daunt the Slinger (Halfling Berserker)              Turns: 6735, Time: 00:37:22

Health: -9/58      AC:  8    Str: 17    XL:     9   Next: 88%
Magic:  11/11      EV: 14    Int:  6    God:    Trog [****..]
Gold:   375        SH:  0    Dex: 17    Spells: 0 memorised, 8 levels left

rFire  . . .     SeeInvis .     a - +2 dagger (drain)
rCold  . . .     Gourm    .     e - +0 ring mail
rNeg   . . .     Faith    .     (shield restricted)
rPois  .         Spirit   .     (no helmet)
rElec  .         Dismiss  +     (no cloak)
rCorr  +         Reflect  .     O - +0 pair of gloves
SustAt .         Harm     .     M - +1 pair of boots
MR     .....                    h - amulet of dismissal
Stlth  +++.......               (no ring)
                                T - ring of resist corrosion

@: heavily drained, not resistant to hostile enchantments, fairly stealthy
A: mutation resistance 1
a: Berserk, Trog's Hand, Brothers in Arms, Burn Spellbooks, Renounce Religion


You were on level 8 of the Dungeon.
You worshipped Trog.
Trog was greatly pleased with you.
You were not hungry.

You visited 1 branch of the dungeon, and saw 8 of its levels.

You collected 375 gold pieces.

Inventory:

Hand Weapons
 a - a +2 dagger of draining (weapon)
 b - a +0 hunting sling
Missiles
 g - 147 stones (quivered)
 I - 54 sling bullets
Armour
 e - a +0 ring mail (worn)
 i - a +0 shield
 t - a +0 animal skin
 M - a +1 pair of boots (worn)
 O - a +0 pair of gloves (worn)
Jewellery
 h - an amulet of dismissal (around neck)
 T - a ring of resist corrosion (left hand)
Wands
 q - a wand of digging (1/24)
 F - a wand of paralysis (15/24)
 K - a wand of slowing (23/48)
 N - a wand of confusion (23/48)
 S - a wand of paralysis (4/24)
Scrolls
 k - 2 scrolls of magic mapping
 l - 3 scrolls of amnesia
 n - 2 scrolls of random uselessness {unknown}
 o - a scroll of fear {unknown}
 v - 2 scrolls of enchant armour
 x - a scroll of enchant weapon {unknown}
 y - a scroll of recharging {unknown}
 E - 2 scrolls of teleportation {unknown}
 G - a scroll of fog {unknown}
 H - a scroll of remove curse
 J - 2 scrolls of immolation
 P - a scroll of blinking {unknown}
 Q - 2 scrolls of identify
Potions
 d - 3 potions of mutation
 f - 5 potions of haste
 j - 2 potions of resistance
 m - a potion of brilliance
 s - 2 potions of flight
 w - a potion of lignification {unknown}
 A - 2 potions of ambrosia
 B - a potion of degeneration
 C - 3 potions of heal wounds {unknown}
 D - 5 potions of curing {unknown}
 R - a potion of might {unknown}
Comestibles
 c - 9 bread rations
 p - 6 chunks of flesh
 r - 3 fruits
 u - 8 slices of pizza
 z - 5 meat rations
 L - 6 beef jerkies


   Skills:
 - Level 4.0(2.8) Fighting
 + Level 8.2(6.8) Short Blades
 + Level 10.6(9.1) Slings
 - Level 4.0(2.7) Armour
 - Level 4.0(2.7) Dodging
 + Level 6.2(4.9) Stealth
 + Level 3.6(2.3) Evocations


You had 8 spell levels left.
You didn't know any spells.

Dungeon Overview and Level Annotations

Branches:
Dungeon (8/15)             Temple (0/1) D:4
   Lair: D:8-11

Altars:
Cheibriados
Gozag
Kikubaaqudgha
Makhleb
Nemelex Xobeh
Okawaru
Pakellas
Qazlal
Sif Muna
Zin


Innate Abilities, Weirdness & Mutations

You are small and have problems with some larger weapons.
You are somewhat resistant to further mutation.


Message History

The wight hits you with an enchanted scimitar!
* * * LOW HITPOINT WARNING * * *
You feel drained.
* * * LOW HITPOINT WARNING * * *
The orc priest casts a cantrip, but nothing happens.
The wight closely misses you.
Read which item? (? for menu, Esc to quit)
As you read the scroll labeled NEASIY TOORUO, it crumbles to dust.
It is a scroll of enchant armour.
Enchant which item? (? for menu, Esc to quit)
Your +0 pair of boots glows green for a moment.
The wight hits you with an enchanted morningstar!
* * * LOW HITPOINT WARNING * * *
You feel drained.
* * * LOW HITPOINT WARNING * * *
The wight hits you with an enchanted scimitar.
* * * LOW HITPOINT WARNING * * *
You feel drained.
The wight hits you with an enchanted dire flail!
You die...

## #.# #
####.###.#########..
+?..................
#...................
#.................Y.
#.................#
#........>........#
#..#######o###o##..###
##..##..###.###@##.$#
#.....)....).#zzz# o..
#............'oz.#
...#
##..#######..##..##
### ##..###.###..##..#
........>....#....#
<............#....#
##..##..###+###.###
.#..##..# ###


You could see 4 wights, an orc priest (inner flame) and an orc wizard.

Vanquished Creatures
  Joseph (D:8)
  A yak (D:7)
  A human (D:7)
  A phantom (D:7)
  A black bear (D:7)
  A necrophage (D:5)
  A sky beast (D:5)
  3 centaurs
  3 giant frogs
  A wyvern skeleton (D:8)
  2 scorpions
  4 wights (D:7)
  3 hounds
  2 centaur zombies
  A centaur skeleton (D:6)
  2 orc priests (D:4)
  3 orc wizards
  A giant frog skeleton (D:7)
  A gnoll shaman (D:7)
  An iguana (D:4)
  3 worker ants
  A killer bee zombie (D:5)
  3 sheep (D:7)
  A hound zombie (D:6)
  A hound skeleton (D:5)
  5 gnolls (D:7)
  14 adders
  3 shadow imps
  2 oozes
  An adder zombie (D:6)
  2 adder skeletons (D:4)
  A worm (D:4)
  2 dart slugs (D:1)
  2 giant geckos
  17 orcs
  5 bats
  5 giant cockroaches
  6 hobgoblins
  11 jackals
  13 kobolds
  2 quokkas
  A ball python (D:2)
  A giant gecko skeleton (D:4)
  A giant gecko zombie (D:7)
  3 giant newts
  9 goblins
  A jackal skeleton (D:6)
  A jackal zombie (D:5)
  A quokka zombie (D:8)
  10 rats
162 creatures vanquished.

Notes
Turn   | Place    | Note
--------------------------------------------------------------
     0 | D:1      | Daunt the Halfling Berserker began the quest for the Orb.
     0 | D:1      | Reached XP level 1. HP: 15/15 MP: 1/1
   144 | D:1      | Reached XP level 2. HP: 20/20 MP: 2/2
   378 | D:1      | Reached ** piety under Trog
   378 | D:1      | Reached XP level 3. HP: 24/25 MP: 3/3
   890 | D:2      | Reached XP level 4. HP: 21/31 MP: 4/4
  1171 | D:2      | Found an ancient bone altar of Kikubaaqudgha.
  1236 | D:2      | Found a deep blue altar of Sif Muna.
  1421 | D:2      | Found an oddly glowing altar of Pakellas.
  1717 | D:3      | Reached *** piety under Trog
  1723 | D:3      | Noticed a giant frog
  1734 | D:3      | Killed a giant frog
  1734 | D:3      | Reached skill level 3 in Slings
  1734 | D:3      | Reached XP level 5. HP: 20/36 MP: 5/5
  1963 | D:3      | Reached skill level 4 in Slings
  2115 | D:3      | Found an iron altar of Okawaru.
  2463 | D:4      | Found an opulent altar of Gozag.
  2498 | D:4      | Reached XP level 6. HP: 42/42 MP: 6/6
  2507 | D:4      | Reached skill level 5 in Slings
  2588 | D:4      | Found a staircase to the Ecumenical Temple.
  2726 | D:4      | Reached skill level 6 in Slings
  3097 | D:4      | Reached skill level 7 in Slings
  3105 | D:4      | Reached XP level 7. HP: 13/46 MP: 7/7
  3670 | D:4      | Reached skill level 5 in Short Blades
  3722 | D:5      | Entered Level 5 of the Dungeon
  3797 | D:5      | Reached skill level 1 in Stealth
  4092 | D:5      | Reached XP level 8. HP: 28/54 MP: 8/8
  4213 | D:5      | Reached skill level 8 in Slings
  4223 | D:5      | Reached **** piety under Trog
  4629 | D:6      | Found a glowing silver altar of Zin.
  4708 | D:6      | Found a burning altar of Makhleb.
  4872 | D:6      | Found a snail-covered altar of Cheibriados.
  5118 | D:6      | Found a stormy altar of Qazlal.
  5480 | D:6      | Reached skill level 9 in Slings
  6057 | D:7      | Reached XP level 9. HP: 58/58 MP: 9/9
  6106 | D:7      | Reached skill level 1 in Evocations
  6254 | D:7      | Reached skill level 5 in Stealth
  6483 | D:7      | Reached skill level 10 in Slings
  6658 | D:8      | Found a sparkling altar of Nemelex Xobeh.
  6685 | D:8      | Noticed Joseph
  6689 | D:8      | Killed Joseph
  6735 | D:8      | HP: 1/58 [wight/enchanted scimitar (4)]
  6735 | D:8      | Mangled by a wight

Skill      XL: |  1  2  3  4  5  6  7  8  9 |
---------------+----------------------------+-----
Fighting       | 3 4 |  4.0
Armour         | 3 4 |  4.0
Slings         | 3 4 7 9 10 | 10.6
Short Blades   | 5 6 8 |  8.2
Dodging        | 3 4 |  4.0
Stealth        | 2 4 6 |  6.2
Evocations     | 3 |  3.6

Action                   |  1- 3 |  4- 6 |  7- 9 || total
-------------------------+-------+-------+-------++-------
Melee: Short sword       |   122 |    85 |       ||   207
       Dagger            |       |   151 |   396 ||   547
 Fire: Hunting sling     |       |    58 |   133 ||   191
Throw: Stone             |       |       |     3 ||     3
Invok: Berserk           |     1 |       |     4 ||     5
  Use: Scroll            |       |     3 |    12 ||    15
 Stab: Sleeping          |       |       |     6 ||     6
  Eat: Chunk             |       |     8 |    16 ||    24
Armor: Ring mail         |    36 |    44 |    78 ||   158
       Animal skin       |     1 |       |       ||     1
Dodge: Dodged            |    77 |   138 |   210 ||   425
